 Dungeon Crawl Stone Soup version 0.30-a0-116-g3b1a8e4ee4 (webtiles) character file.

Game seed: 4604417281841517582

1555 Jeffwins the Grave Robber (level 9, -2/57 HPs)
             Began as a Human Wanderer on Sept 13, 2022.
             Slain by an orc warrior
             ... wielding a +0 scimitar of flaming
              (11 damage)
             ... on level 6 of the Dungeon.
             The game lasted 00:16:49 (7324 turns).

Jeffwins the Grave Robber (Human Wanderer)          Turns: 7324, Time: 00:16:50

Health: -2/57      AC:  7    Str: 20    XL:     9   Next: 12%
Magic:  9/16       EV: 11    Int: 15    God:
Gold:   148        SH:  0    Dex: 13    Spells: 6/17 levels left

rFire   . . .      SeeInvis .    z - +2 short sword (elec)
rCold   . . .      Faith    .    (no shield)
rNeg    . . .      Spirit   .    e - +0 leather armour
rPois   .          Reflect  .    A - +1 helmet
rElec   .          Harm     .    (no cloak)
rCorr   .          Rampage  .    w - +0 pair of gloves
Will    .....                    q - +0 pair of boots
Stlth   +.........               g - amulet of regeneration
HPRegen 0.99/turn                S - +6 ring of strength
MPRegen 0.15/turn                (no ring)

@: studying Long Blades
A: no striking features
a: no special abilities


You were on level 6 of the Dungeon.
You visited 2 branches of the dungeon, and saw 7 of its levels.

You collected 210 gold pieces.
You spent 62 gold pieces at shops.


   Skills:
 * Level 4.4 Short Blades
 - Level 2.0 Throwing
 - Level 1.0 Dodging
 - Level 1.0 Unarmed Combat
 * Level 4.9 Spellcasting
 * Level 4.4 Hexes
 * Level 6.1 Necromancy
 * Level 3.5 Air Magic
 - Level 2.0 Evocations


You had 6 spell levels left.
You knew the following spells:

 Your Spells              Type           Power      Damage    Failure   Level
n - Dispel Undead         Necr           22%        3d12      16%         4
x - Poisonous Vapours     Pois/Air       16%        N/A       14%         2
z - Necrotise             Necr           88%        1d8       1%          1
X - Anguish               Hex/Necr       9%         N/A       22%         4

Your spell library contained the following spells:

 Spells                   Type           Power      Damage    Failure   Level
 Vampiric Draining        Necr           22%        2d7       4%          3
 Cigotuvi's Dreadful Rot  Necr/Pois/Air  26%        N/A       8%          2
 Ensorcelled Hibernation  Hex/Ice        20%        N/A       12%         2
 Agony                    Necr           22%        N/A       38%         5
 Spider Form              Tmut/Pois      3%         N/A       52%         3

Inventory:

Hand Weapons
 a - a +0 short sword of protection
 z - a +2 short sword of electrocution (weapon)
 B - a +2 rapier of speed
Missiles
 b - 16 poisoned darts (quivered)
Armour
 e - a +0 leather armour (worn)
 q - a +0 pair of boots (worn)
 w - a +0 pair of gloves (worn)
 A - a +1 helmet (worn)
Jewellery
 g - an amulet of regeneration (around neck)
 S - a +6 ring of strength (left hand)
Wands
 l - a wand of digging (1)
 t - a wand of light (5)
Scrolls
 f - 3 scrolls of noise {unknown}
 h - 2 scrolls of fog
 i - a scroll of vulnerability {!r}
 j - a scroll of amnesia {unknown}
 k - a scroll of magic mapping {unknown}
 o - 2 scrolls of poison {!r}
 p - 4 scrolls of teleportation {@r4}
 r - a scroll of immolation {!r}
 s - a scroll of fear {unknown}
 y - a scroll of blinking
Potions
 c - 4 potions of lignification {!q}
 d - 5 potions of curing {@q1}
 m - a potion of heal wounds {unknown}
 n - a potion of mutation {unknown}
 u - 2 potions of flight {unknown}
 v - 2 potions of degeneration {unknown}
 x - 2 potions of resistance {unknown}

Dungeon Overview and Level Annotations

Branches:
Dungeon (6/15)             Temple (1/1) D:5

Altars:
Ashenzari
Elyvilon
Gozag
Hepliaklqana
Nemelex Xobeh
Okawaru
Qazlal
Ru
Sif Muna
Trog
Uskayaw
Wu Jian
Yredelemnul
The Shining One

Shops:
D:2 (?   D:4 *

Annotations:
D:1 2 transporters

## #. #. ##.
.#.### ###..
#........ #....###
....... #..@.#
......### #...o.#
.o.=..{.
#.......#..#..?#
.........##...#
##............#
#.#......##†#.[...
#.#......##<# s..
# .......##.# .
!.. ..#


You could see an orc warrior (very poisoned).


Message History

Confirm with . or Enter, or press ? or * to list all spells.
Okay, then.
You hit the orc warrior but do no damage.
The orc warrior is severely wounded.
The orc warrior hits you with a +0 scimitar of flaming.
* * * LOW HITPOINT WARNING * * *
The orc warrior burns you.
* * * LOW HITPOINT WARNING * * *
Unknown command.
You barely miss the orc warrior.
The orc warrior is severely wounded.
Unknown command.
You hit the orc warrior but do no damage.
The orc warrior is severely wounded.
The orc warrior hits you with a +0 scimitar of flaming.
* * * LOW HITPOINT WARNING * * *
The orc warrior burns you.
* * * LOW HITPOINT WARNING * * *
Unknown command.
You closely miss the orc warrior.
The orc warrior is severely wounded.
The orc warrior hits you with a +0 scimitar of flaming!
* * * LOW HITPOINT WARNING * * *
The orc warrior burns you.
* * * LOW HITPOINT WARNING * * *
Unknown command.
You hit the orc warrior.
The orc warrior is almost dead.
The orc warrior hits you with a +0 scimitar of flaming!
You die...

Skill      XL: |  1  2  3  4  5  6  7  8 |
---------------+-------------------------+-----
Spellcasting   | 2 3 4 |  4.9
Necromancy     | 4 5 6 |  6.1
Short Blades   | 1 2 3 4 |  4.4
Hexes          | 1 2 3 4 |  4.4
Air Magic      | 1 3 |  3.5
Throwing       | |  2.0
Dodging        | |  1.0
Unarmed Combat | |  1.0
Evocations     | |  2.0

Action                   |  1- 3 |  4- 6 |  7- 9 || total
-------------------------+-------+-------+-------++-------
Melee: Dagger            |    19 |       |       ||    19
       Short sword       |    35 |    82 |    90 ||   207
       Punch             |     2 |     4 |     1 ||     7
Throw: Dart              |     9 |     5 |       ||    14
 Cast: Necrotise         |    46 |   145 |    43 ||   234
       Poisonous Vapours |       |       |    32 ||    32
       Dispel Undead     |       |       |     1 ||     1
Evoke: Wand              |       |     3 |     4 ||     7
  Use: Scroll            |       |     4 |     1 ||     5
 Stab: Distracted        |       |     1 |       ||     1
       Invisible         |       |       |     2 ||     2
Armor: Leather armour    |    21 |    44 |    44 ||   109
Dodge: Dodged            |    37 |    83 |    66 ||   186

Levels and vault maps discovered:
D:1:      spicycebolla_arrival_transporter_tutorial, layout_rooms,
          minmay_lizard_pond
D:2:      layout_rooms, serial_shops, shop, nicolae_shop_bloodbath_and_beyond,
          roderic_filled_cross, minmay_tree_intersection, uniq_jessica
D:3:      layout_basic, nicolae_overflow_hidden_temple, serial_forest,
          infiniplex_forest_clump_cross, infiniplex_forest_clump_curved,
          infiniplex_forest_end_3, infiniplex_forest_end_1,
          infiniplex_forest_straight_2, infiniplex_forest_clump_tiny,
          infiniplex_forest_clump_medium
D:4:      wad_lake_hut, layout_layer_cave, serial_shops, kennysheep_mini
D:5:      layout_loops_cross, mainiacjoe_overflow_alcove_1, temple_green,
          mrwooster_statue_mirror, corexii_checkpoint_a, minmay_manual_mail,
          uniq_eustachio
D:6:      layout_rooms, minmay_misc_feat_square, serial_bayou_pond_d,
          uniq_prince_ribbit1
Temple:   nicolae_temple_hex_pool

Notes
Turn   | Place    | Note
-------+----------+-------------------------------------------
     0 | D:1      | Jeffwins the Human Wanderer began the quest for the Orb.
     0 | D:1      | Jeffwins set off with the following items: a +0 dagger, 14
                  | poisoned darts, a potion of lignification {!q}, a potion of
                  | curing {@q1}, a +0 leather armour; and the following spell
                  | memorised: Necrotise; and the following spells available to
                  | memorise: Dispel Undead, Anguish.
     0 | D:1      | Reached XP level 1. HP: 13/13 MP: 2/2
     9 | D:1      | You fall into a shaft and drop 1 floor!
   119 | D:2      | Reached XP level 2. HP: 14/19 MP: 0/4
   547 | D:1      | Reached XP level 3. HP: 23/24 MP: 0/5
   769 | D:1      | Reached skill level 2 in Spellcasting
  1159 | D:2      | Noticed Jessica
  1165 | D:2      | Killed Jessica
  1166 | D:2      | Reached skill level 4 in Necromancy
  1166 | D:2      | Reached XP level 4. HP: 19/30 MP: 1/7
  1326 | D:2      | Found Xouraho's Weapon Emporium.
  1336 | D:2      | Learned a level 4 spell: Anguish
  1372 | D:2      | Found Tacvoz's Magic Scroll Shoppe.
  1807 | D:2      | Reached XP level 5. HP: 23/35 MP: 1/9
  1974 | D:2      | Bought a scroll of poison for 40 gold pieces
  2099 | D:2      | Reached skill level 1 in Short Blades
  2526 | D:3      | Reached skill level 1 in Hexes
  2817 | D:3      | Reached skill level 3 in Spellcasting
  3044 | D:3      | Found a white marble altar of Elyvilon.
  3224 | D:3      | Reached XP level 6. HP: 41/41 MP: 1/10
  4203 | D:4      | Found Gas Yge's Assorted Antiques.
  4206 | D:4      | Bought a sedimented golden potion for 22 gold pieces
  4695 | D:4      | Reached skill level 2 in Short Blades
  4695 | D:4      | Reached skill level 2 in Hexes
  5215 | D:4      | Learned a level 2 spell: Poisonous Vapours
  5297 | D:4      | Reached XP level 7. HP: 46/46 MP: 12/12
  5527 | D:5      | Entered Level 5 of the Dungeon
  5632 | D:5      | Reached skill level 5 in Necromancy
  5717 | D:5      | Found a hide-covered altar of Uskayaw.
  5762 | D:5      | Reached skill level 1 in Air Magic
  5857 | D:5      | Found a staircase to the Ecumenical Temple.
  5925 | Temple   | Entered the Ecumenical Temple
  6165 | D:5      | Learned a level 4 spell: Dispel Undead
  6224 | D:5      | Reached skill level 3 in Short Blades
  6224 | D:5      | Reached skill level 4 in Spellcasting
  6224 | D:5      | Reached skill level 3 in Hexes
  6246 | D:5      | Reached XP level 8. HP: 52/52 MP: 11/14
  6389 | D:5      | Noticed a yak
  6516 | D:5      | Killed a yak
  6517 | D:5      | Reached skill level 2 in Air Magic
  6863 | D:5      | Noticed Eustachio
  6877 | D:5      | Killed Eustachio
  6878 | D:5      | Reached skill level 4 in Short Blades
  6878 | D:5      | Reached skill level 4 in Hexes
  6878 | D:5      | Reached skill level 3 in Air Magic
  6991 | D:5      | Reached skill level 6 in Necromancy
  6991 | D:5      | Reached XP level 9. HP: 39/57 MP: 6/16
  7324 | D:6      | Slain by an orc warrior

Vanquished Creatures
  A yak (D:5)
  Eustachio (D:5)
  A sky beast (D:5)
  A black bear (D:5)
  2 ogres (D:5)
  A scorpion (D:5)
  5 wights (D:5)
  A howler monkey (D:5)
  A jelly (D:6)
  A hound (D:5)
  2 orc priests (D:4)
  Jessica (D:2)
  5 iguanas
  3 orc wizards
  4 adders
  4 gnolls
  2 ufetubi (D:5)
  2 worms
  5 dart slugs
  19 orcs
  7 ball pythons
  4 bats (D:2)
  7 endoplasms
  4 giant cockroaches
  7 goblins
  4 hobgoblins
  5 quokkas
  12 frilled lizards
  3 kobolds (D:1)
  4 rats
119 creatures vanquished.

Vanquished Creatures (collateral kills)
  A worm (D:2)
  An orc (D:5)
  A goblin (D:2)
  A hobgoblin (D:4)
  A quokka (D:3)
  A frilled lizard (D:1)
  2 rats (D:2)
8 creatures vanquished.

Vanquished Creatures (others)
  3 plants
3 creatures vanquished.

Grand Total: 130 creatures vanquished

Table legend: (Time is in decaauts)
 A = Elapsed time spent in this place.
 B = Non-inter-level travel time spent in this place.
 C = Inter-level travel time spent in this place.
 D = Time resting spent in this place.
 E = Time spent auto-exploring this place.
 F = Levels seen in this place.
 G = Mean time per level.
                   A        B        C        D        E       F      G
               +--------+--------+--------+--------+--------+-----+--------+
         Total |   7338 |   7043 |    295 |    432 |   5458 |   7 | 1048.3 |
       Dungeon |   7260 |   6970 |    290 |    432 |   5397 |   6 | 1210.0 |
        Temple |     77 |     72 |      5 |      0 |     61 |   1 |   77.0 |
               +--------+--------+--------+--------+--------+-----+--------+

Top non-repeatable levels by time:
     D:4: 1655 daAuts
     D:5: 1647 daAuts
     D:2: 1584 daAuts
     D:3: 1489 daAuts
     D:1: 853 daAuts
  Temple: 77 daAuts
     D:6: 29 daAuts

Table legend:
 A = Non-vault XP
 B = Vault XP
 C = Vault XP percentage of total XP
 D = Non-vault monster count
 E = Vault monster count
 F = Vault count percentage of total count
                 A         B        C        D         E       F
            +---------+---------+-------+---------+---------+-------
      Total |    1695 |     527 |  23.7 |     108 |      19 |  15.0
            +---------+---------+-------+---------+---------+-------
        D:1 |      31 |      11 |  26.2 |      11 |      11 |  50.0
        D:2 |      94 |      37 |  28.2 |      26 |       1 |   3.7
        D:3 |     102 |       0 |   0.0 |      22 |       0 |   0.0
        D:4 |     247 |       0 |   0.0 |      22 |       0 |   0.0
        D:5 |    1142 |     479 |  29.5 |      25 |       7 |  21.9
        D:6 |      79 |       0 |   0.0 |       2 |       0 |   0.0
            +---------+---------+-------+---------+---------+-------
